 Dungeon Crawl Stone Soup version 0.20-a0-59-g66a9409 (webtiles) character file.

122 KristoblXynda the Charlatan (level 4, -1/35 HPs)
             Began as a Minotaur Artificer on Nov 16, 2016.
             Was an Initiate of Nemelex Xobeh.
             Killed by nerve-wracking pain
             ... invoked by Grinder
              (11 damage)
             ... on level 3 of the Dungeon.
             The game lasted 00:08:52 (2907 turns).

KristoblXynda the Charlatan (Minotaur Artificer)    Turns: 2907, Time: 00:08:53

Health: -1/35      AC:  9    Str: 14 (16) XL:     4   Next: 78%
Magic:  5/5        EV:  6    Int:  6 (9)  God:    Nemelex Xobeh [......]
Gold:   139        SH:  0    Dex: 10 (11) Spells: 0 memorised, 3 levels left

rFire  . . .     SeeInvis .     i - +1 flail
rCold  . . .     Gourm    .     n - +0 chain mail
rNeg   . . .     Faith    .     (no shield)
rPois  .         Spirit   .     (helmet restricted)
rElec  .         Reflect  .     (no cloak)
rCorr  .         Harm     .     (no gloves)
MR     .....                    (no boots)
Stlth  ..........               (no amulet)
                                (no ring)
                                (no ring)

@: slowed, very slow
A: retaliatory headbutt, horns 2
a: Renounce Religion


You were on level 3 of the Dungeon.
You worshipped Nemelex Xobeh.
Nemelex Xobeh was noncommittal.
You were not hungry.

You visited 1 branch of the dungeon, and saw 3 of its levels.

You collected 139 gold pieces.

Inventory:

Hand Weapons
 i - a +1 flail (weapon)
 l - a +0 hand axe
Armour
 n - a +0 chain mail (worn)
 s - a +0 buckler
Jewellery
 q - an uncursed amulet of harm {unknown}
Wands
 c - a wand of flame (15/48)
 d - a wand of enslavement (15/24)
 e - a wand of random effects (15/48)
Scrolls
 o - a scroll of noise {unknown}
Potions
 a - a potion of flight {unknown}
Books
 b - a book of Changes

   Spells                             Type                      Level
   a - Beastly Appendage              Transmutation                1
   b - Sticks to Snakes               Transmutation                2
   c - Spider Form                    Transmutation/Poison         3
   d - Ice Form                       Ice/Transmutation            4
   e - Blade Hands                    Transmutation                5
Miscellaneous
 p - an ornate deck of summoning
Comestibles
 f - a bread ration
 g - a meat ration
 t - 3 chunks of flesh


   Skills:
 - Level 1.2 Fighting
   Level 1.3 Short Blades
 + Level 2.1(2.3) Axes
 - Level 1.4(2.1) Maces & Flails
 + Level 3.0 Armour
 - Level 2.1 Dodging
 - Level 0.7 Stealth
 + Level 3.6 Evocations


You had 3 spell levels left.
You didn't know any spells.

Dungeon Overview and Level Annotations

Branches:
Dungeon (3/15)

Altars:
Kikubaaqudgha
Nemelex Xobeh
Qazlal

Annotations:
D:3 Grinder, Ijyb, Natasha, Sigmund


Innate Abilities, Weirdness & Mutations

You reflexively headbutt those who attack you in melee.
You have a pair of horns on your head.


Message History

Sigmund screams, "Only death can liberate you!"
Natasha stares at you and mumbles some strange words.
The magic dart hits you!
Found a leather armour.
Natasha casts a spell at you.
You feel yourself slow down.
Sigmund hits you from afar with a scythe of protection!
* * * LOW HITPOINT WARNING * * *
You see here 9 poisoned needles.
Your surroundings suddenly seem different.
Found a fizzy blue potion.
a - a fizzy blue potion The hobgoblin hits you but does no damage.
The hobgoblin completely misses you.
You closely miss the hobgoblin.
The hobgoblin is moderately wounded.
Grinder gestures at you. Pain shoots through your body!
You die...
Your body disappears without a glow.

# #. #. #..##
######...### #...#
#...# #..@######.##
## #...g.......# #..
#...5..###..######..
######..............
#####.5.5......
###.#......
#.#...... #.#......
#.#......


You could see Grinder and a hobgoblin.

Vanquished Creatures
  Terence (D:3)
  4 adders
  3 worms (D:2)
  A dart slug (D:2)
  A leopard gecko (D:1)
  A ball python (D:2)
  6 bats
  2 giant cockroaches (D:3)
  4 goblins
  7 hobgoblins
  3 jackals (D:2)
  2 frilled lizards
  10 kobolds
  7 rats
52 creatures vanquished.

Notes
Turn   | Place    | Note
-------+----------+-------------------------------------------
     0 | D:1      | KristoblXynda the Minotaur Artificer began the quest for the Orb.
     0 | D:1      | Reached XP level 1. HP: 16/16 MP: 1/1
   135 | D:1      | Reached XP level 2. HP: 23/23 MP: 3/3
   166 | D:1      | Reached skill level 1 in Maces & Flails
   211 | D:1      | Reached skill level 1 in Armour
  1057 | D:2      | Reached XP level 3. HP: 12/28 MP: 4/4
  1248 | D:2      | Found a stormy altar of Qazlal.
  1407 | D:2      | Reached skill level 1 in Axes
  1812 | D:2      | Found an ancient bone altar of Kikubaaqudgha.
  1852 | D:2      | Reached XP level 4. HP: 22/35 MP: 5/5
  2042 | D:2      | Found a sparkling altar of Nemelex Xobeh.
  2058 | D:2      | Became a worshipper of Nemelex Xobeh the Trickster
  2272 | D:2      | Received a gift from Nemelex Xobeh
  2662 | D:3      | Noticed Terence
  2720 | D:3      | Killed Terence
  2874 | D:3      | Noticed Grinder
  2890 | D:3      | Paralysed by Grinder for 4 turns
  2896 | D:3      | Noticed Natasha
  2896 | D:3      | Noticed Sigmund
  2897 | D:3      | Noticed Ijyb
  2907 | D:3      | Killed from afar by Grinder

Vault maps used:
D:1:      eino_arrival_water_star
D:2:      nicolae_overflow_crystal_walls, marbit_many_paths,
          nemelex_xobeh_ov_fountains_minmay
D:3:      uniq_iyjb, uniq_jessica, uniq_natasha, uniq_terence, uniq_grinder,
          uniq_sigmund

Skill      XL: |  1  2  3  4 |
---------------+-------------+-----
Maces & Flails | 1 |  1.4
Armour         | 1 2 3 |  3.0
Evocations     | 3 |  3.6
Axes           | 1 2 |  2.1
Fighting       | |  1.2
Short Blades   | |  1.3
Dodging        | |  2.1
Stealth        | |  0.7

Action                   |  1- 3 |  4- 6 || total
-------------------------+-------+-------++-------
Melee: Short sword       |     8 |       ||     8
       Whip              |    96 |    89 ||   185
       Headbutt          |    12 |     9 ||    21
       Flail             |       |     5 ||     5
  Use: Scroll            |       |     5 ||     5
       Potion            |       |     5 ||     5
 Stab: Sleeping          |     2 |       ||     2
  Eat: Chunk             |     3 |     1 ||     4
       Bread ration      |       |     1 ||     1
Armor: Leather armour    |    19 |       ||    19
       Chain mail        |    18 |    59 ||    77
Dodge: Dodged            |    57 |    38 ||    95
